AoeStats
← reeree

Arena

510511893Analyzed
2v2 RM · 11h ago on Oct 1, 2026· 27m 55s· 4 players
Game mode
Random Map
Map size
Medium (4 player)
Population
200
Speed
Normal
Resources
Standard
Victory
Conquest
Starting age
Dark Age
Ending age
Imperial Age
RankedLock teamsTeams togetherTeam positionsShared explorationLock speedFull tech treeHidden civsTurbo modeCheats
Victory
Defeat
1183
+15
🇷🇺 Italians · Russia
1117
+17
🇦🇺 Khmer · Australia
1153
-16
🇦🇺 Magyars · Australia
1151
-16
CowArius
10:28 Feudal Age
14:06 Castle Age
12:01 Double-Bit Axe
11:57 Horse Collar
15:04 Bow Saw
15:57 Heavy Plow
21:30 Wheelbarrow
25:49 Imperial Age
23:54 Fletching
24:04 Padded Archer Armor
24:54 Hand Cart
25:13 Bodkin Arrow
25:34 Leather Archer Armor
27:24 Thumb Ring
Ромчик Бумчик
11:12 Feudal Age
10:46 Loom
15:11 Castle Age
16:16 Horse Collar
16:22 Double-Bit Axe
27:29 Imperial Age
reeree
10:35 Feudal Age
12:38 Loom
15:32 Castle Age
13:30 Double-Bit Axe
13:59 Horse Collar
23:22 Wheelbarrow
mc394
9:28 Feudal Age
9:35 Man-at-Arms
10:01 Arson
16:28 Forging
17:39 Scale Mail Armor
18:17 Double-Bit Axe
23:32 Castle Age
28:13 Husbandry
Connection lost

Rejoining the realm…

Still unreachable

The connection could not be restored.

Session expired

The server has moved on; the page needs a fresh start.